 Dungeon Crawl Stone Soup version 0.27.1-1-g398f81649c (webtiles) character file.

Game seed: 12807140670178065931

23 Metae the Covered (level 2, -2/27 HPs)
             Began as a Minotaur Fighter on Sept 10, 2021.
             Slain by a gnoll (4 damage)
             ... on level 4 of the Dungeon.
             The game lasted 00:02:30 (673 turns).

Metae the Covered (Minotaur Fighter)                 Turns: 673, Time: 00:02:30

Health: -2/27      AC:  8    Str: 20    XL:     2   Next: 72%
Magic:  1/1        EV:  7    Int:  5    God:
Gold:   15         SH:  9    Dex:  9    Spells: 1/1 levels left

rFire    . . .     SeeInvis .   a - +0 war axe
rCold    . . .     Faith    .   c - +0 kite shield
rNeg     . . .     Spirit   .   b - +0 scale mail
rPois    .         Reflect  .   (helmet restricted)
rElec    .         Harm     .   (no cloak)
rCorr    .         Rampage  .   g - +0 pair of gloves
Will     .....                  (no boots)
Stlth    ..........             (no amulet)
HPRegen  0.09/turn              (no ring)
MPRegen  0.07/turn              (no ring)

@: mighty
A: horns 2, retaliatory headbutt
a: no special abilities


You were on level 4 of the Dungeon.
You visited 1 branch of the dungeon, and saw 3 of its levels.

You collected 15 gold pieces.

Inventory:

Hand Weapons
 a - a +0 war axe (weapon)
Armour
 b - a +0 scale mail (worn)
 c - a +0 kite shield (worn)
 g - a +0 pair of gloves (worn)
Scrolls
 e - a scroll of amnesia {unknown}
 f - 2 scrolls of identify {unknown}
 i - a scroll of vulnerability {unknown}
Potions
 h - a potion of flight {unknown}


   Skills:
 + Level 4.0 Fighting
 + Level 2.9 Axes
 + Level 4.0 Armour
 + Level 4.0 Shields


You had one spell level left.
You didn't know any spells.
Your spell library contained the following spells:

 Spells                   Type           Power      Damage    Failure   Level
 Sublimation of Blood     Necr           0%         N/A       100%        2
 Wereblood                Tmut           0%         N/A       100%        2
 Summon Hydra             Summ           0%         N/A       100%        7


Dungeon Overview and Level Annotations

Branches:
Dungeon (2/15)

Altars:

Annotations:
D:4 Eustachio


Innate Abilities, Weirdness & Mutations

You have a pair of horns on your head.
You reflexively headbutt those who attack you in melee.


Message History

Found a shimmering lapis lazuli ring.
Found a stone staircase leading down.
A gnoll comes into view. It is wielding a +0 whip.
The gnoll shouts!
You hear a shout!
A gnoll comes into view. It is wielding a +0 club.
A gnoll comes into view. It is wielding a +0 whip.
The gnoll shouts! x2; You hear a shout!
Eustachio mumbles some strange words.
Found a rapier.
A gnoll comes into view. It is wielding a +0 club.
The gnoll shouts! 2 gnolls come into view.
The gnoll shouts! x2
A gnoll comes into view. It is wielding a +0 whip.
The gnoll moves out of view.
The gnoll shouts!
An endoplasm comes into view.
You barely miss the gnoll.
You headbutt the gnoll, but do no damage.
You hit the gnoll.
Eustachio casts a spell.
Eustachio blinks!
You block the gnoll's attack. The gnoll hits you with a +0 club!
Eustachio gestures wildly while chanting.
You feel very mighty all of a sudden. You block the gnoll's attack.
The gnoll hits you with a +0 club. The gnoll barely misses you.
Eustachio asks, "How can you live without manners, virtues and honour?"
The shadow imp hits you but does no damage.
You slash the gnoll!
You kill the gnoll!
You slash the gnoll! x2; You slash the shadow imp!
You kill the shadow imp!
The gnoll hits you with a +0 club.
A gnoll comes into view. It is wielding a +0 vampiric halberd.
The gnoll hits you with a +0 club.
* * * LOW HITPOINT WARNING * * *
The gnoll hits you with a +0 whip.
* * * LOW HITPOINT WARNING * * *
The gnoll hits you with a +0 club.
You die...

....... ...# ...
..... ...## ...#
.... .5..# #...#
##... ....###..#
#..J# ......#..#
#...# #.......#
##g.# ##......#
#gg# ##.....#
##@g# #.....#
#@g##
##.....#######g5#
.........g.g....##
.............g...#
#.........#####.)#
##.g#.....# ##..#
#...##....# ...#
.... #....# #....


You could see Eustachio, 7 gnolls, an ufetubus (summoned) and an endoplasm.

Vanquished Creatures
  A gnoll (D:4)
  A dart slug (D:1)
  5 endoplasms (D:1)
  A giant cockroach (D:1)
  4 goblins (D:1)
  A hobgoblin (D:1)
  A kobold (D:1)
  A quokka (D:1)
  2 ball pythons (D:1)
  2 rats (D:1)
19 creatures vanquished.

Notes
Turn   | Place    | Note
-------+----------+-------------------------------------------
     0 | D:1      | Metae the Minotaur Fighter began the quest for the Orb.
     0 | D:1      | Reached XP level 1. HP: 19/19 MP: 0/0
   196 | D:1      | Reached XP level 2. HP: 24/27 MP: 1/1
   648 | D:2      | You fall into a shaft and drop 2 floors!
   648 | D:4      | Noticed Eustachio
   673 | D:4      | Slain by a gnoll

Illustrated notes

Levels and vault maps discovered:
D:1:      dpeg_arrival_solitude, layout_rooms, dk_noncrumbling_3
D:2:      layout_basic, dreamdust_ecumenical_altar_angels_and_demons,
          serial_bayou_pond_e
D:4:      layout_layer_cave, mainiacjoe_overflow_tiny_flanked, xom_butterflies,
          mainiacjoe_overflow_alcove_4, uniq_eustachio

Skill      XL: |  1  2 |
---------------+-------+-----
Armour         | 4 |  4.0
Fighting       | 4 |  4.0
Shields        | 4 |  4.0
Axes           | |  2.9

Action                   || total
-------------------------++-------
Melee: War axe           ||    32
       Headbutt          ||     4
  Use: Potion            ||     1
Armor: Scale mail        ||    10
Dodge: Dodged            ||    10
Block: Kite shield       ||    21
